 Dungeon Crawl Stone Soup version 0.28.0-43-g3370ac3207 (webtiles) character file.

Game seed: 1727040478954727003

5589 crimpus the Quickloader (level 10, -1/79 HPs)
             Began as a Gnoll Hunter on Mar 26, 2022.
             Slain by a wyvern (13 damage)
             ... on level 8 of the Dungeon.
             The game lasted 00:18:49 (9755 turns).

crimpus the Quickloader (Gnoll Hunter)              Turns: 9755, Time: 00:18:49

Health: -1/79      AC: 17    Str: 13    XL:     10   Next: 72%
Magic:  18/18      EV:  6    Int: 10    God:
Gold:   186        SH:  0    Dex: 22    Spells: 20/20 levels left

rFire   . . .      SeeInvis .   a - +5 hand crossbow (venom)
rCold   . . .      Faith    .   (no shield)
rNeg    . . .      Spirit   .   v - +0 plate armour
rPois   .          Reflect  .   m - +0 helmet
rElec   .          Harm     .   d - +0 cloak
rCorr   .          Rampage  .   (no gloves)
Will    .....                   p - +1 pair of boots
Stlth   ..........              (no amulet)
HPRegen 0.23/turn               B - +6 ring of dexterity
MPRegen 0.16/turn               C - +4 ring of slaying

@: weak-willed
A: fangs 1, strong nose, distributed training
a: no special abilities


You were on level 8 of the Dungeon.
You visited 2 branches of the dungeon, and saw 9 of its levels.

You collected 477 gold pieces.
You spent 291 gold pieces at shops.

Inventory:

Hand Weapons
 a - a +5 hand crossbow of venom (weapon)
 A - the +5 short sword "Etubu" {protect, rPois rF- Str+4}
   (You took it off a gnoll on level 5 of the Dungeon)

   It grants its wielder temporary protection when it strikes (+7 to AC).
   Str:       It affects your strength (+4).
   rF:        It makes you vulnerable to fire.
   rPois:     It protects you from poison.
Missiles
 b - 3 curare-tipped darts
 t - 17 arrows
 y - 3 throwing nets
 z - 9 bolts (quivered ammo)
Armour
 d - a +0 cloak (worn)
 m - a +0 helmet (worn)
 p - a +1 pair of boots (worn)
 v - a +0 plate armour (worn)
Jewellery
 B - a +6 ring of dexterity (left hand)
 C - a +4 ring of slaying (right hand)
Wands
 c - a wand of mindburst (9)
 h - a wand of paralysis (10)
 l - a wand of charming (7)
 o - a wand of digging (4)
Scrolls
 e - a scroll of magic mapping
 f - 4 scrolls of fog
 j - 3 scrolls of summoning
 s - a scroll of brand weapon
 u - a scroll of holy word
 x - a scroll of enchant weapon
Potions
 g - 4 potions of attraction
 i - 6 potions of flight
 k - 2 potions of lignification
 n - 3 potions of curing
 q - a potion of magic
 r - 2 potions of berserk rage {unknown}
 w - a potion of might {unknown}


   Skills:
 + Level 7.3 Fighting
 + Level 5.5 Short Blades
 + Level 5.5 Long Blades
 + Level 5.5 Axes
 + Level 5.5 Maces & Flails
 + Level 5.5 Polearms
 + Level 5.5 Staves
 + Level 5.5 Slings
 + Level 5.5 Bows
 + Level 10.2 Crossbows
 + Level 5.5 Throwing
 + Level 5.5 Armour
 + Level 7.3 Dodging
 + Level 6.1 Stealth
 + Level 5.5 Shields
 + Level 5.5 Unarmed Combat
 + Level 5.5 Spellcasting
 + Level 4.5 Conjurations
 + Level 4.5 Hexes
 + Level 4.5 Summonings
 + Level 4.5 Necromancy
 + Level 4.5 Translocations
 + Level 4.5 Transmutations
 + Level 4.5 Fire Magic
 + Level 4.5 Ice Magic
 + Level 4.5 Air Magic
 + Level 4.5 Earth Magic
 + Level 4.5 Poison Magic
 + Level 6.1 Invocations
 + Level 5.5 Evocations


You had 20 spell levels left.
You didn't know any spells.
Your spell library contained the following spells:

 Spells                   Type           Power      Damage    Failure   Level
 Magic Dart               Conj           44%        1d5       98%         1
 Call Imp                 Summ           11%        N/A       99%         2
 Corpse Rot               Necr/Air       22%        N/A       99%         2
 Poisonous Vapours        Pois/Air       22%        N/A       99%         2
 Searing Ray              Conj           22%        2d5       99%         2
 Conjure Flame            Conj/Fire      11%        6-21      100%        3
 Dazzling Flash           Conj/Hex       22%        N/A       100%        3
 Ignite Poison            Fire/Tmut/Pois 11%        N/A       100%        3
 Mephitic Cloud           Conj/Pois/Air  11%        N/A       100%        3
 Fulminant Prism          Conj/Hex       5%         3d7       100%        4
 Iskenderun's Mystic Bla  Conj/Tloc      11%        2d4       100%        4
 Sticky Flame             Conj/Fire      11%        2d3       100%        4
 Starburst                Conj/Fire      5%         6d4       100%        6


Dungeon Overview and Level Annotations

Branches:
Dungeon (8/15)             Temple (1/1) D:5
   Lair: D:8-11

Altars:
Ashenzari
Cheibriados
Dithmenos
Elyvilon
Fedhas
Kikubaaqudgha
Makhleb
Nemelex Xobeh
Qazlal
Ru
Sif Muna
Trog
Vehumet
Wu Jian
Xom
Yredelemnul
Zin
The Shining One
Lugonu

Shops:
D:1 ?:(?


Innate Abilities, Weirdness & Mutations

You have very sharp teeth.
Your uncanny sense of smell can sniff out nearby items.
Your experience applies equally to all skills.


Message History

You feel sick.
The wyvern bites you but does no damage.
The hornet stings you but does no damage.
The wyvern bites you. The hornet stings you.
You feel yourself slow down.
You feel sick.
The wyvern bites you but does no damage.
The hornet stings you but does no damage.
As you read the scroll labelled QEISIDGH BUTHEO, it crumbles to dust.
Magic quickly surges around you.
It was a scroll of vulnerability.
You feel yourself speed up.
You feel sick. The wyvern bites you.
* * * LOW HITPOINT WARNING * * *
The hornet stings you but does no damage.
A wight comes into view. It is wielding a +0 battleaxe.
The wyvern bites you but does no damage.
The howler monkey hits you but does no damage.
The hornet stings you but does no damage.
The orc barely misses you.
You feel sick.
The howler monkey hits you but does no damage.
The wyvern bites you but does no damage.
The hornet barely misses you.
You feel sick.
You are no longer poisoned.
The howler monkey hoots and howls with incredible vigour!
You hear an angry buzzing noise.
You hear a shout! x2
The wyvern bites you but does no damage.
The hornet barely misses you. The wyvern closely misses you.
The hornet stings you but does no damage.
The wyvern bites you.
* * * LOW HITPOINT WARNING * * *
You kill the hornet!
The howler monkey hoots and howls with incredible vigour!
The howler monkey hoots and howls with incredible vigour!
The wyvern bites you.
* * * LOW HITPOINT WARNING * * *
You hear a shout!
The wyvern bites you!
You die...

#.#.)..............
#.#.#####..........
#.#.#####..........
.######.#....##..#.......
..............#..#.#.....
#######.#######..#.#.##..
#.....[....#.#.##..
#..#####.....#.##.. #.@#
#....>...+.. #.l#
#.......##.. #.o#
#....#####^. #h.# #....#
#.. #.z# #....# #.. #z.#
#....# #.. #..# #....#
#.. #..# #....# ###
#..#####....# ∆


You could see a wyvern (weak-willed), a howler monkey (weak-willed), 2 wights
and an orc (weak-willed).

Vanquished Creatures
  Maggie (D:6)
  Psyche (D:8)
  A troll (D:8)
  2 hornets (D:8)
  Sigmund (D:2)
  3 yaks (D:8)
  Eustachio (D:4)
  2 steam dragons
  A black bear (D:7)
  2 ice beasts
  2 orc warriors
  A sky beast (D:7)
  2 necrophages
  2 centaurs (D:6)
  4 ogres
  A phantom (D:7)
  A kobold brigand (D:8)
  3 bullfrogs
  A gnoll sergeant (D:8)
  A water moccasin zombie (D:7)
  4 scorpions
  4 howler monkeys
  A gnoll shaman (D:8)
  A centaur zombie (D:8)
  4 hounds
  An iron imp (D:4)
  2 jellies (D:6)
  A centaur skeleton (D:7)
  4 orc priests
  2 bullfrog skeletons
  2 iguanas
  Ijyb (D:4)
  Terence (D:2)
  Jessica (D:2)
  9 orc wizards
  A hound zombie (D:5)
  A howler monkey zombie (D:8)
  Robin (D:3)
  24 gnolls
  2 howler monkey skeletons
  9 adders
  2 white imps
  An ufetubus (D:7)
  4 adder skeletons (D:4)
  2 worms
  2 dart slugs (D:1)
  44 orcs
  2 ball pythons (D:1)
  6 endoplasms
  3 giant cockroaches
  19 goblins
  11 hobgoblins
  13 jackals
  11 kobolds
  6 quokkas
  3 bats
  3 hobgoblin zombies (D:4)
  2 kobold skeletons (D:4)
  A kobold zombie (D:4)
  An orc skeleton (D:4)
  3 orc zombies (D:4)
  2 rats
250 creatures vanquished.

Vanquished Creatures (others)
  A butterfly (D:6)
1 creature vanquished.

Grand Total: 251 creatures vanquished

Notes
Turn   | Place    | Note
-------+----------+-------------------------------------------
     0 | D:1      | crimpus the Gnoll Hunter began the quest for the Orb.
     0 | D:1      | Reached XP level 1. HP: 20/20 MP: 1/1
    51 | D:1      | Found Voeddump's Magic Scroll Emporium.
   170 | D:1      | Found Zatsog's Book Emporium.
   172 | D:1      | Reached XP level 2. HP: 26/26 MP: 2/2
   196 | D:1      | Found Farafure's Antique Weapon Shop.
   218 | D:1      | Found Hyvviroo's Magic Scroll Emporium.
   604 | D:1      | Reached XP level 3. HP: 31/31 MP: 3/3
   771 | D:2      | Reached skill level 1 in Invocations
   956 | D:2      | Noticed Jessica
   958 | D:2      | Killed Jessica
   959 | D:2      | Reached skill level 1 in Short Blades
   959 | D:2      | Reached skill level 1 in Long Blades
   959 | D:2      | Reached skill level 1 in Axes
   959 | D:2      | Reached skill level 1 in Maces & Flails
   959 | D:2      | Reached skill level 1 in Polearms
   959 | D:2      | Reached skill level 1 in Staves
   959 | D:2      | Reached skill level 1 in Slings
   959 | D:2      | Reached skill level 1 in Bows
   959 | D:2      | Reached skill level 1 in Throwing
   959 | D:2      | Reached skill level 1 in Armour
   959 | D:2      | Reached skill level 1 in Shields
   959 | D:2      | Reached skill level 1 in Unarmed Combat
   959 | D:2      | Reached skill level 1 in Spellcasting
   959 | D:2      | Reached skill level 1 in Evocations
   959 | D:2      | Reached XP level 4. HP: 38/38 MP: 5/5
  1104 | D:2      | Noticed Sigmund
  1115 | D:2      | Killed Sigmund
  1116 | D:2      | Reached skill level 1 in Conjurations
  1116 | D:2      | Reached skill level 1 in Hexes
  1116 | D:2      | Reached skill level 1 in Summonings
  1116 | D:2      | Reached skill level 1 in Necromancy
  1116 | D:2      | Reached skill level 1 in Translocations
  1116 | D:2      | Reached skill level 1 in Transmutations
  1116 | D:2      | Reached skill level 1 in Fire Magic
  1116 | D:2      | Reached skill level 1 in Ice Magic
  1116 | D:2      | Reached skill level 1 in Air Magic
  1116 | D:2      | Reached skill level 1 in Earth Magic
  1116 | D:2      | Reached skill level 1 in Poison Magic
  1116 | D:2      | Reached XP level 5. HP: 29/43 MP: 5/7
  1116 | D:2      | Reached XP level 6. HP: 34/50 MP: 5/8
  1225 | D:2      | Found a faded altar of an unknown god.
  1276 | D:2      | Noticed Terence
  1285 | D:2      | Killed Terence
  1729 | D:3      | Reached skill level 5 in Fighting
  1729 | D:3      | Reached skill level 5 in Dodging
  1754 | D:3      | Found a glowing silver altar of Zin.
  2049 | D:3      | Noticed Robin
  2051 | D:3      | Killed Robin
  2576 | D:4      | Reached XP level 7. HP: 54/56 MP: 10/10
  2587 | D:4      | Found a snail-covered altar of Cheibriados.
  2610 | D:4      | Noticed Ijyb
  2622 | D:4      | Killed Ijyb
  2697 | D:4      | Noticed Eustachio
  2705 | D:4      | Killed Eustachio
  2780 | D:4      | Found a glowing golden altar of the Shining One.
  2795 | D:4      | Reached skill level 9 in Crossbows
  3185 | D:4      | Found a sacrificial altar of Ru.
  3378 | D:5      | Entered Level 5 of the Dungeon
  3572 | D:5      | Reached XP level 8. HP: 63/63 MP: 12/12
  4220 | D:5      | Identified the +5 short sword "Etubu" {protect, rPois rF-
                  | Str+4}
  4462 | D:5      | Found a staircase to the Ecumenical Temple.
  4496 | Temple   | Entered the Ecumenical Temple
  4661 | D:5      | Found a radiant altar of Vehumet.
  5021 | D:5      | Identified the +2 spear "Vuej" {vorpal, rElec rCorr}
  5303 | D:6      | Reached XP level 9. HP: 56/69 MP: 14/14
  5768 | D:1      | Bought a scroll of enchant weapon for 97 gold pieces
  5768 | D:1      | Bought a scroll of enchant weapon for 97 gold pieces
  5768 | D:1      | Bought a scroll of enchant weapon for 97 gold pieces
  6212 | D:6      | Found a shadowy altar of Dithmenos.
  6226 | D:6      | Found a stormy altar of Qazlal.
  6226 | D:6      | Noticed Maggie
  6234 | D:6      | Killed Maggie
  6433 | D:6      | Found a white marble altar of Elyvilon.
  6536 | D:6      | Found a broken altar of Ashenzari.
  7278 | D:6      | Reached skill level 5 in Stealth
  7460 | D:6      | Reached skill level 5 in Invocations
  7881 | D:7      | Reached XP level 10. HP: 77/77 MP: 17/17
  8170 | D:7      | Reached skill level 5 in Short Blades
  8170 | D:7      | Reached skill level 5 in Long Blades
  8170 | D:7      | Reached skill level 5 in Axes
  8170 | D:7      | Reached skill level 5 in Maces & Flails
  8170 | D:7      | Reached skill level 5 in Polearms
  8170 | D:7      | Reached skill level 5 in Staves
  8170 | D:7      | Reached skill level 5 in Slings
  8170 | D:7      | Reached skill level 5 in Bows
  8170 | D:7      | Reached skill level 5 in Throwing
  8170 | D:7      | Reached skill level 5 in Armour
  8170 | D:7      | Reached skill level 5 in Shields
  8170 | D:7      | Reached skill level 5 in Unarmed Combat
  8170 | D:7      | Reached skill level 5 in Spellcasting
  8170 | D:7      | Reached skill level 5 in Evocations
  8718 | D:8      | Reached skill level 10 in Crossbows
  8922 | D:8      | Noticed Psyche
  8936 | D:8      | Killed Psyche
  9066 | D:8      | Found a shimmering blue altar of Sif Muna.
  9468 | D:8      | Found a burning altar of Makhleb.
  9739 | D:8      | Paralysed by a hornet for 3 turns
  9755 | D:8      | Slain by a wyvern

Illustrated notes

Levels and vault maps discovered:
D:1:      scummos_arrival_gate, layout_basic, serial_shops,
          nicolae_shop_temple_entry_statues_fountains,
          nicolae_shop_hallway_stairs, shop, nicolae_shop_waterfront
D:2:      layout_loops_cross, basic_ecumenical_altar, uniq_terence,
          uniq_sigmund, uniq_jessica
D:3:      layout_basic, mainiacjoe_overflow_24_doors, uniq_robin
D:4:      layout_rooms, nicolae_ru_great_annihilating_truth,
          nicolae_tso_besieged_by_evil, slow_altar_1, dk_noncrumbling_4,
          uniq_eustachio, uniq_ijyb
D:5:      lemuel_castle_with_subvaults [lemuel_castle_interior_original],
          layout_loops_corners, old_standard_altar, temple_fountains
D:6:      minmay_chambers_of_threes, layout_basic,
          nicolae_elyvilon_peaceful_grove, ashenzari_altar_1,
          nicolae_dithmenos_the_darkroom, nicolae_qazlal_style_of_elements,
          uniq_maggie
D:7:      layout_gridville, nicolae_figureground_pulse
D:8:      layout_basic, lightli_temple_of_fire, led_sif_book, amethyst_killhole,
          amcnicky_mini_rare_corridor_liquid, kennysheep_kite_vault, uniq_psyche
Temple:   corrupted_temple

Skill      XL: |  1  2  3  4  5  6  7  8  9 10 |
---------------+-------------------------------+-----
Invocations    | 1 2 3 4 5 6 |  6.1
Short Blades   | 1 2 3 4 5 |  5.5
Long Blades    | 1 2 3 4 5 |  5.5
Axes           | 1 2 3 4 5 |  5.5
Maces & Flails | 1 2 3 4 5 |  5.5
Polearms       | 1 2 3 4 5 |  5.5
Staves         | 1 2 3 4 5 |  5.5
Slings         | 1 2 3 4 5 |  5.5
Bows           | 1 2 3 4 5 |  5.5
Throwing       | 1 2 3 4 5 |  5.5
Armour         | 1 2 3 4 5 |  5.5
Shields        | 1 2 3 4 5 |  5.5
Unarmed Combat | 1 2 3 4 5 |  5.5
Spellcasting   | 1 2 3 4 5 |  5.5
Evocations     | 1 2 3 4 5 |  5.5
Conjurations   | 1 2 3 4 |  4.5
Hexes          | 1 2 3 4 |  4.5
Summonings     | 1 2 3 4 |  4.5
Necromancy     | 1 2 3 4 |  4.5
Translocations | 1 2 3 4 |  4.5
Transmutations | 1 2 3 4 |  4.5
Fire Magic     | 1 2 3 4 |  4.5
Ice Magic      | 1 2 3 4 |  4.5
Air Magic      | 1 2 3 4 |  4.5
Earth Magic    | 1 2 3 4 |  4.5
Poison Magic   | 1 2 3 4 |  4.5
Stealth        | 3 4 5 6 |  6.1
Fighting       | 5 6 7 |  7.3
Dodging        | 5 6 7 |  7.3
Crossbows      | 9 10 | 10.2

Action                   |  1- 3 |  4- 6 |  7- 9 | 10-12 || total
-------------------------+-------+-------+-------+-------++-------
Melee: Short sword       |       |     1 |     6 |    45 ||    52
       Mace              |       |       |    25 |       ||    25
       Bite              |       |       |     4 |     3 ||     7
       Punch             |       |       |     3 |     1 ||     4
 Fire: Hand crossbow     |    65 |   111 |   354 |   100 ||   630
  Use: Scroll            |     4 |     2 |    10 |     3 ||    19
       Potion            |     1 |       |       |       ||     1
Armor: Leather armour    |     3 |    11 |     5 |       ||    19
       Plate armour      |       |       |    70 |    70 ||   140
Dodge: Dodged            |     7 |    39 |    42 |    23 ||   111
